[ PARTIDA AOE2 · #493791886 ]
UnrankedTártaros vs Britons
Equipo del jugador · DERR
Equipo rival · VICT
[ ANÁLISIS DE REPETICIÓN · EXTRAÍDO DE LA PARTIDA GRABADA ]
Feudal
—
Castillos
—
Imperial
—
| APM promedio | 73.3 |
| APM pico | 95 |
| eAPM promedio | 15.1 |
| Aldeanos / militares | 15 / 0 |
Foco
⚔️ 10.3% · 🌾 89.7%
Feudal
—
Castillos
—
Imperial
—
| APM promedio | 50.4 |
| APM pico | 61 |
| eAPM promedio | 11.4 |
| Aldeanos / militares | 14 / 0 |
Foco
⚔️ 17.2% · 🌾 82.8%
Mapa de la partida
Recursos iniciales + cada clic de construcción. Líneas = muros · curvas = relieve. ◆ oro · ⬟ piedra · ● bayas · ✦ reliquia · ◌ hueco del cierre
Tu base
Base de SkySailor
Terreno inicial suavizado · ◌ = hueco del cierre detectado · pasá el cursor para detalles
Inputs por minuto
— Monky Khan | Malillos - - SkySailor
Build order — Monky Khan | Malillos
21 acciones detectadas en el replay
| 0:01 | Crear | Villager (Male) |
| 0:02 | Construir | House |
| 0:03 | Construir | House |
| 0:06 | Crear | Villager (Male) |
| 0:06 | Crear | Villager (Male) |
| 0:08 | Crear | Villager (Male) |
| 1:28 | Crear | Villager (Male) |
| 1:45 | Construir | Lumber Camp |
| 1:52 | Crear | Villager (Male) |
| 2:28 | Crear | Villager (Male) |
| 2:53 | Crear | Villager (Male) |
| 2:59 | Construir | House |
| 3:04 | Crear | Villager (Male) |
| 3:04 | Crear | Villager (Male) |
| 3:42 | Crear | Villager (Male) |
| 3:42 | Crear | Villager (Male) |
| 4:02 | Crear | Villager (Male) |
| 4:21 | Construir | Mill |
| 4:39 | Crear | Villager (Male) |
| 5:13 | Crear | Villager (Male) |
| 5:30 | Investigar | Loom |
Build order — SkySailor
19 acciones detectadas en el replay
| 0:01 | Crear | Villager (Male) |
| 0:01 | Crear | Villager (Male) |
| 0:01 | Crear | Villager (Male) |
| 0:05 | Construir | House |
| 0:10 | Construir | House |
| 0:22 | Crear | Villager (Male) |
| 1:16 | Crear | Villager (Male) |
| 1:49 | Construir | Lumber Camp |
| 1:53 | Crear | Villager (Male) |
| 2:00 | Crear | Villager (Male) |
| 2:25 | Crear | Villager (Male) |
| 2:39 | Crear | Villager (Male) |
| 3:02 | Crear | Villager (Male) |
| 3:16 | Crear | Villager (Male) |
| 3:44 | Crear | Villager (Male) |
| 3:56 | Construir | House |
| 4:03 | Crear | Villager (Male) |
| 4:19 | Construir | Mill |
| 4:32 | Crear | Villager (Male) |
Cronología de la partida
| 5:37 | Monky Khan | Malillos · resign |
[ ANÁLISIS IA · 1 CRÉDITO ]
¿Qué pasó realmente en esta partida?
Wolo.gg analiza cada decisión: build order, eco, micro, errores típicos por bracket. Análisis personalizado por WhatsApp o Discord en 30 segundos.
Guía civ
Tártaros
Perfil
8oE. Furious The Monky Khan